 Dungeon Crawl Stone Soup version 0.21.1-1-g345015f (webtiles) character file.

8510 magui the Carver (level 11, -5/95 HPs)
             Began as a Minotaur Berserker on Mar 27, 2018.
             Was a High Priest of Trog.
             Slain by a yak (10 damage)
             ... on level 9 of the Dungeon on Mar 29, 2018.
             The game lasted 01:53:48 (12857 turns).

magui the Carver (Minotaur Berserker)              Turns: 12857, Time: 01:53:48

Health: -5/95      AC: 16    Str: 28    XL:     11   Next: 10%
Magic:  10/10      EV: 11    Int:  4    God:    Trog [*****.]
Gold:   397        SH:  0    Dex:  9    Spells: 10/10 levels left

rFire    . . .     SeeInvis .   B - +2 great sword (slice)
rCold    . . .     Gourm    .   (shield currently unavailable)
rNeg     . . .     Faith    +   T - +1 chain mail
rPois    .         Spirit   .   (helmet restricted)
rElec    .         Reflect  .   (no cloak)
rCorr    .         Harm     .   r - +0 pair of gloves
MR       +....                  x - +1 pair of boots
Stlth    ..........             l - amulet of faith
HPRegen  0.25/turn              q - ring of protection from magic
MPRegen  0.12/turn              Q - +2 ring of strength

@: drained
A: retaliatory headbutt, horns 2
a: Berserk, Trog's Hand, Brothers in Arms, Burn Spellbooks, Renounce Religion


You were on level 9 of the Dungeon.
You worshipped Trog.
Trog was extremely pleased with you.
You were not hungry.

You visited 3 branches of the dungeon, and saw 12 of its levels.
You also visited: Sewer.

You collected 464 gold pieces.
You spent 67 gold pieces at shops.

Inventory:

Hand Weapons
 a - a +3 falchion
 f - a +0 dagger
 m - a +4 falchion
 s - a +3 dagger of venom
 v - a +0 falchion
 w - a +0 hand axe
 B - a +2 great sword of slicing (weapon)
 K - a +0 long sword
 U - a +0 arbalest
Missiles
 e - 554 stones
 i - 72 sling bullets
 j - 176 arrows
 p - 89 poisoned needles
 y - 18 bolts
 C - 3 silver javelins
 F - 7 needles of frenzy
 M - 5 curare-tipped needles
 N - 6 tomahawks of dispersal
 V - 4 javelins (quivered)
 Y - 7 needles of confusion
Armour
 b - a +0 animal skin
 r - a +0 pair of gloves (worn)
 x - a +1 pair of boots (worn)
 T - a +1 chain mail (worn)
Magical Staves
 A - an uncursed staff of energy {unknown}
Jewellery
 l - an amulet of faith (around neck)
 q - a ring of protection from magic (left hand)
 Q - a +2 ring of strength (right hand)
 W - an uncursed ring of stealth
Wands
 H - a wand of polymorph (12)
 J - a wand of acid (6)
 P - a wand of paralysis (19)
Scrolls
 d - a scroll of magic mapping
 h - 4 scrolls of remove curse
 k - a scroll of blinking
 D - 9 scrolls of teleportation
 E - 3 scrolls of fog
 O - 2 scrolls of fear
 Z - a scroll of enchant weapon
Potions
 g - 3 potions of brilliance
 z - 2 potions of curing
 G - 4 potions of flight
 I - a potion of degeneration {unknown}
 S - 2 potions of ambrosia {unknown}
Comestibles
 c - 10 rations


   Skills:
 + Level 8.8(8.7) Fighting
 + Level 11.7(11.6) Long Blades
 + Level 7.7(7.6) Throwing
 + Level 10.0(9.9) Armour
 + Level 6.2(6.1) Dodging
 + Level 2.5(2.4) Stealth


You had 10 spell levels left.
You didn't know any spells.

Dungeon Overview and Level Annotations

Branches:
Dungeon (10/15)            Temple (1/1) D:6            Lair (1/6) D:9
    Orc: D:9-12

Altars:
Ashenzari
Cheibriados
Dithmenos
Elyvilon
Fedhas
Gozag
Hepliaklqana
Kikubaaqudgha
Makhleb
Nemelex Xobeh
Okawaru
Qazlal
Ru
Sif Muna
Trog
Uskayaw
Vehumet
Wu Jian
Xom
Yredelemnul
Zin
The Shining One

Shops:
D:8 [

Annotations:
D:10 Erolcha


Innate Abilities, Weirdness & Mutations

You reflexively headbutt those who attack you in melee.
You have a pair of horns on your head.


Message History

Something appears at your feet! Trog grants you ammunition!
The yak gores you. x2
You hit the yak but do no damage. Your headbutt misses the yak.
The yak is moderately wounded.
The yak gores you. The yak barely misses you. The yak gores you!
* * * LOW HITPOINT WARNING * * *
The yak gores you.
* * * LOW HITPOINT WARNING * * *
The yak gores you!
* * * LOW HITPOINT WARNING * * *
The yak gores you!
* * * LOW HITPOINT WARNING * * *
The yak closely misses you. You furiously retaliate!
You headbutt the yak.
You climb upwards.
There is a stone staircase leading down here.
You slash the yak! You headbutt the yak!!
The yak is severely wounded.
The yak gores you!
You die...

##.#.#.# #..........#### .......#
#.########.##.## ##.#...# #.#
#.#...# ##.#^..# #.# #......
...#...# #.# #.#...# #####.##
#####.#### #...... #####.####
#........# ####.## #........#
##Y###.##)# #.# #.###.##.#
#.YY@.....# ##'##
#.###.##.####..###.##.# ##...#
#.##.......##..##..##.# ##.....
#.##..#..#.##..##.##..# ##).....
..##.....#.##..##.#<..####.......
.........................).......
.........#.##.........####)......
####.#.#.#.######.........#......
# #.###.#.# #.#######.##.....


You could see 3 yaks.

Vanquished Creatures
  2 two-headed ogres
  The ghost of Mgcat the Martial Artist, a novice GnTm of Okawaru (D:8)
  A komodo dragon (Lair:1)
  2 hippogriffs
  Sigmund (D:4)
  4 yaks
  A spriggan (D:8)
  A hungry ghost (D:8)
  2 basilisks (D:9)
  An eye of draining (D:9)
  3 ice beasts
  An orc warrior (D:6)
  3 phantoms
  3 ogres
  5 centaurs
  6 big kobolds
  A crocodile (D:8)
  5 bullfrogs
  A wyvern zombie (D:8)
  A wyvern skeleton (D:9)
  5 scorpions
  8 wights
  A howler monkey (D:6)
  6 crimson imps
  A bullfrog zombie (D:6)
  4 hounds
  2 jellies
  7 orc priests
  4 bullfrog skeletons
  3 iguanas
  Natasha (thrice) (D:4)
  7 orc wizards
  11 worker ants
  A hound zombie (D:8)
  A howler monkey zombie (D:7)
  A worker ant zombie (D:6)
  10 gnolls
  2 howler monkey skeletons
  8 adders
  4 shadow imps
  2 adder zombies
  8 oozes
  An adder skeleton (D:9)
  5 worms
  3 dart slugs
  9 leopard geckos
  29 orcs
  6 giant cockroaches
  9 hobgoblins
  17 jackals
  2 quokkas
  7 ball pythons
  11 bats
  4 frilled lizards
  A goblin (D:1)
  63 kobolds
  6 rats
  A bush (D:6)
318 creatures vanquished.

Notes
Turn   | Place    | Note
-------+----------+-------------------------------------------
     0 | D:1      | magui the Minotaur Berserker began the quest for the Orb.
     0 | D:1      | Reached XP level 1. HP: 19/19 MP: 0/0
   237 | D:1      | Reached XP level 2. HP: 12/27 MP: 1/1
   251 | D:1      | Reached skill level 4 in Long Blades
   527 | D:1      | careful with groups
   736 | D:1      | Reached ** piety under Trog
   983 | D:2      | Found a shattered altar of Ashenzari.
  1119 | D:2      | Reached XP level 3. HP: 30/33 MP: 2/2
  1538 | D:2      | Found a hazy altar of Hepliaklqana.
  2026 | D:3      | Reached XP level 4. HP: 41/41 MP: 3/3
  2039 | D:3      | Found a bloodstained altar of Trog.
  2236 | D:3      | Found a stormy altar of Qazlal.
  2650 | D:4      | Found a sparkling altar of Nemelex Xobeh.
  2735 | D:4      | Noticed Sigmund
  2752 | D:4      | Killed Sigmund
  2752 | D:4      | Reached skill level 6 in Long Blades
  2752 | D:4      | Reached skill level 1 in Stealth
  2752 | D:4      | Reached XP level 5. HP: 16/47 MP: 4/4
  2752 | D:4      | Reached XP level 6. HP: 19/55 MP: 5/5
  2915 | D:4      | Reached skill level 5 in Fighting
  3179 | D:4      | Noticed Natasha
  3185 | D:4      | Killed Natasha
  3202 | D:4      | Reached *** piety under Trog
  3638 | D:4      | Found a snail-covered altar of Cheibriados.
  3719 | D:4      | Noticed Natasha
  3726 | D:4      | Killed Natasha
  3763 | D:4      | Reached XP level 7. HP: 57/61 MP: 6/6
  3833 | D:4      | Reached skill level 7 in Long Blades
  3901 | D:4      | Reached **** piety under Trog
  3901 | D:4      | Reached skill level 1 in Throwing
  3914 | D:4      | Reached skill level 5 in Armour
  4605 | D:4      | Forteresse des kobolds : vidée !
  4634 | D:4      | Received a gift from Trog
  4636 | D:4      | Reached XP level 8. HP: 70/70 MP: 7/7
  4816 | D:4      | Noticed Natasha
  4827 | D:4      | Killed Natasha
  5310 | D:5      | Entered Level 5 of the Dungeon
  5490 | D:5      | Reached skill level 8 in Long Blades
  5568 | D:5      | Found a basalt altar of Yredelemnul.
  5571 | D:5      | Found a glowing golden altar of the Shining One.
  5580 | D:5      | Found an opulent altar of Gozag.
  5590 | D:5      | Found a radiant altar of Vehumet.
  5622 | D:5      | Found a white marble altar of Elyvilon.
  5878 | D:5      | Received a gift from Trog
  5879 | D:5      | Found a glowing drain.
  5896 | Sewer    | Entered a sewer
  6134 | Sewer    | Reached ***** piety under Trog
  6527 | D:5      | Found a hide-covered altar of Uskayaw.
  6604 | D:5      | Noticed a profane servitor
  6620 | D:5      | Noticed an angel
  7001 | D:5      | Found an iron altar of Okawaru.
  7411 | D:6      | Reached XP level 9. HP: 76/78 MP: 8/8
  7414 | D:6      | Found a staircase to the Ecumenical Temple.
  7461 | Temple   | Entered the Ecumenical Temple
  7589 | D:6      | Reached skill level 9 in Long Blades
  7968 | D:6      | Received a gift from Trog
  8007 | D:6      | You fall through a shaft for 3 floors!
  8174 | D:9      | Reached skill level 10 in Long Blades
  8203 | D:9      | Reached skill level 5 in Dodging
  8205 | D:9      | Found a staircase to the Lair.
  8525 | D:9      | Found a burning altar of Makhleb.
  8526 | D:9      | Noticed a two-headed ogre
  8534 | D:9      | Killed a two-headed ogre
  8534 | D:9      | Reached skill level 5 in Throwing
  8534 | D:9      | Reached XP level 10. HP: 62/88 MP: 9/9
  8869 | Lair:1   | Entered Level 1 of the Lair of Beasts
  9701 | D:8      | Noticed a two-headed ogre
  9714 | D:8      | Killed a two-headed ogre
  9714 | D:8      | Received a gift from Trog
 10265 | D:8      | Found Ysigoxif's Armour Boutique.
 10278 | D:8      | Bought a +0 chain mail for 67 gold pieces
 10401 | D:8      | Reached skill level 11 in Long Blades
 10444 | D:8      | Noticed Mgcat's ghost (novice GnTm)
 10463 | D:8      | Killed Mgcat's ghost
 11510 | D:7      | Received a gift from Trog
 12065 | D:7      | You fall through a shaft!
 12320 | D:6      | Reached XP level 11. HP: 95/95 MP: 10/10
 12398 | D:6      | Reached ****** piety under Trog
 12840 | D:10     | Entered Level 10 of the Dungeon
 12846 | D:10     | Reached skill level 10 in Armour
 12847 | D:10     | Noticed Erolcha
 12852 | D:10     | Received a gift from Trog
 12854 | D:10     | HP: 4/95 [yak (12)]
 12857 | D:9      | Slain by a yak

Skill      XL: |  1  2  3  4  5  6  7  8  9 10 11 |
---------------+----------------------------------+-----
Long Blades    | 4 6 7 8 10 11 | 11.7
Fighting       | 4 5 6 8 |  8.8
Armour         | 3 4 5 6 8 9 10 | 10.0
Dodging        | 3 4 5 6 |  6.2
Stealth        | 1 2 |  2.5
Throwing       | 2 4 5 7 |  7.7

Action                   |  1- 3 |  4- 6 |  7- 9 | 10-12 || total
-------------------------+-------+-------+-------+-------++-------
Melee: Falchion          |    78 |    84 |   423 |    46 ||   631
       Headbutt          |     6 |    13 |   101 |    35 ||   155
       Great sword       |       |       |       |   125 ||   125
Throw: Stone             |       |     2 |    48 |    71 ||   121
       Javelin           |       |     5 |    57 |    53 ||   115
Invok: Trog's Hand       |       |     1 |       |       ||     1
       Burn Spellbooks   |       |       |     1 |     1 ||     2
       Berserk           |       |       |     1 |     2 ||     3
  Use: Scroll            |     9 |     4 |     7 |     6 ||    26
       Potion            |     4 |     2 |     4 |     2 ||    12
 Stab: Sleeping          |     2 |       |       |       ||     2
  Eat: Ration            |     1 |     2 |     4 |     6 ||    13
       Chunk             |       |       |     2 |       ||     2
Armor: Animal skin       |     8 |       |       |       ||     8
       Scale mail        |     1 |    31 |   185 |    13 ||   230
       Chain mail        |       |       |       |    74 ||    74
Dodge: Dodged            |    58 |    49 |   211 |    84 ||   402
       Rpst.: Falchion   |     7 |    10 |    52 |     8 ||    77
       Great sword       |       |       |       |    17 ||    17
